Cogmind - Beta 16 @@@ ROGUE MODE // 2025.10.30 @ 10:38:59 Player: shapeshifter Result: Destroyed by G-47 Trooper with Particle Gun Performance ------------- Evolutions (3) 1500 Regions Visited (13) 2600 Robots Destroyed (209) 1045 Value Destroyed (8376) 8376 Prototype IDs (34) 680 Alien Tech Used (0) 0 Bonus (3887) 3887 TOTAL SCORE: 18088 Bonus ------- High Alert Combat Kills 1133 Follower Combat Kills 1054 Entered Garrisons 400 Used RIF Installer 1000 Aligned with FarCom 300 Cogmind --------- Core Integrity 0/700 Matter 227/300 Energy 73/170 System Corruption 4% Temperature Danger (434) Movement Rolling (165) Ox5 Location -7/Factory Parts ------- > --- POWER (1) -------- Light Neutrino Core > --- PROPULSION (2) --- Armored Huge Wheel > --- UTILITY (8) ------ Improved Cooling System Cargo Storage Unit Medium Armor Plating > --- WEAPON (2) ------- Advanced Plasma Rifle Advanced Plasma Rifle > --- INVENTORY (30) --- Hybrid Fission Core Light Neutrino Core Light Neutrino Core Light Neutrino Core Improved Heavy Treads Gravity Neutralizer Gravity Neutralizer Precision Matter Filter Precision Matter Filter Energy Filter Improved Propulsion Shielding Improved Propulsion Shielding Relay Coupler [Duelist] (41) Relay Coupler [Sentry] (27) Relay Coupler [Hunter] (19) Relay Coupler [Heavy] (14) PSU Rigger Advanced Plasma Rifle Experimental Thermic Cannon Light Antimatter Cannon Light Antimatter Cannon Improved Grenade Launcher Remote Datajack Peak State ------------ > --- POWER ------------ Light Neutrino Core > --- PROPULSION ------- Armored Huge Wheel > --- UTILITY ---------- Improved Cooling System Cargo Storage Unit Modified TNC Armor Integrity Analyzer Improved Propulsion Shielding Medium Armor Plating Relay Coupler [Grunt] > --- WEAPON ----------- Advanced Plasma Rifle Advanced Plasma Rifle > --- INVENTORY -------- Hybrid Fission Core Light Neutrino Core Light Neutrino Core Light Neutrino Core Improved Heavy Treads Gravity Neutralizer Gravity Neutralizer Precision Matter Filter Precision Matter Filter Energy Filter Improved Propulsion Shielding Medium Armor Plating Medium Armor Plating Relay Coupler [Duelist] Relay Coupler [Sentry] Relay Coupler [Hunter] Relay Coupler [Heavy] PSU Rigger Advanced Plasma Rifle Experimental Thermic Cannon Light Antimatter Cannon Light Antimatter Cannon Improved Grenade Launcher Remote Datajack [Rating: 69] Favorites ----------- Power Improved Deuterium Engine Engine Improved Deuterium Engine Power Core Micro Nuclear Core Propulsion Armored Huge Wheel Treads Light Treads Wheel Armored Huge Wheel Utility Improved Heat Sink Device Improved Heat Sink Storage Large Storage Unit Processor Armor Integrity Analyzer Hackware Relay Coupler [NC] Protection Improved Propulsion Shielding Weapon Heavy Assault Rifle Energy Gun AWS/Thermal Energy Cannon Phase Cannon Ballistic Gun Heavy Assault Rifle Ballistic Cannon Gauss Cannon Special Weapon Remote Datajack Impact Weapon Powered Hammer Build | -11 -10 -10 -9 -9 -9 -8 -8 -8 -8 -8 -7 -7 -7 ------- Run | Yrd Mat Min Mat Min Exi Min Mat Gar Mat Sto Fac Gar Fac Slots Evolved 6 | . . . 2 . . . 2 . . . 2 . . Power . | . . . . . . . . . . . . . . Propulsion . | . . . . . . . . . . . . . . Utility 6 | . . . 2 . . . 2 . . . 2 . . Weapon . | . . . . . . . . . . . . . . Parts Attached 132 | 8 5 2 28 4 3 . 17 15 3 1 5 14 27 Power 15 | 1 1 . 3 . . . 1 4 . . 1 . 4 Engine 12 | 1 1 . 3 . . . 1 2 . . 1 . 3 Core 3 | . . . . . . . . 2 . . . . 1 Reactor . | . . . . . . . . . . . . . . Propulsion 20 | 2 1 2 7 2 . . 2 1 1 . 1 1 . Treads 11 | 2 1 . 7 1 . . . . . . . . . Leg . | . . . . . . . . . . . . . . Wheel 9 | . . 2 . 1 . . 2 1 1 . 1 1 . Hover . | . . . . . . . . . . . . . . Flight . | . . . . . . . . . . . . . . Utility 63 | 3 1 . 9 1 2 . 9 8 . 1 3 9 17 Device 16 | 2 . . 3 . . . 1 2 . . . 7 1 Storage 11 | 1 1 . . . 1 . 3 1 . . . 2 2 Processor 4 | . . . . . . . 1 1 . 1 . . 1 Hackware 6 | . . . . . . . . . . . . . 6 Protection 26 | . . . 6 1 1 . 4 4 . . 3 . 7 Artifact . | . . . . . . . . . . . . . . Weapon 34 | 2 2 . 9 1 1 . 5 2 2 . . 4 6 Energy Gun 6 | 1 . . 2 . 1 . . . . . . . 2 Energy Cannon 14 | . . . 3 1 . . 2 . 2 . . 4 2 Ballistic Gun 7 | 1 2 . 4 . . . . . . . . . . Ballistic Cannon 4 | . . . . . . . 3 1 . . . . . Launcher . | . . . . . . . . . . . . . . Special Weapon 2 | . . . . . . . . . . . . . 2 Impact Weapon 1 | . . . . . . . . 1 . . . . . Slashing Weapon . | . . . . . . . . . . . . . . Piercing Weapon . | . . . . . . . . . . . . . . Special Melee Weapon . | . . . . . . . . . . . . . . Unidentified Prototypes 3 | . . . 2 . . . . . . . . 1 . Parts Lost 47 | . 1 1 14 5 . . 2 7 . . 3 5 9 Power 7 | . . . 2 . . . . 2 . . 1 . 2 Propulsion 9 | . . 1 4 2 . . 1 1 . . . . . Utility 23 | . 1 . 6 1 . . 1 3 . . 2 3 6 Weapon 8 | . . . 2 2 . . . 1 . . . 2 1 Highest Loss Streak 6 | . 1 1 4 4 . . 1 2 . . 3 1 6 To Critical Strikes . | . . . . . . . . . . . . . . Average Backups 18 | 3 6 8 14 7 10 12 18 21 21 22 20 22 25 Power . | . . . . . . . . . 1 1 1 1 2 Propulsion 1 | 1 2 1 3 . . . . 1 2 2 1 1 1 Utility 9 | . 1 1 2 3 4 6 8 12 12 12 11 13 15 Weapon 6 | . 2 6 7 4 6 6 10 6 5 6 6 5 5 Tool/Special . | . . . . . . . . . . . . . . Unused Backups 55 | . 2 . 13 . . . 2 8 2 1 . 6 21 Power 5 | . . . . . . . . 1 . . . . 4 Propulsion 3 | . . . . . . . . . . . . 2 1 Utility 22 | . . . . . . . . 7 1 1 . 4 9 Weapon 24 | . 2 . 13 . . . 2 . 1 . . . 6 Tool/Special 1 | . . . . . . . . . . . . . 1 Average Slot Usage (%) 85 | . 92 99 91 74 55 66 83 89 90 90 77 82 81 Engine 6 | . 14 14 9 . . . 7 4 . . 4 7 6 Core 1 | . . . . . . . . 3 9 9 2 . . Treads 5 | . 28 4 21 2 . . . . . . . . . Wheel 9 | . . 23 . 19 22 22 15 12 9 9 7 7 7 Device 15 | . 7 14 12 11 11 11 9 16 18 18 15 23 21 Storage 10 | . 14 14 11 11 11 11 16 9 9 9 7 8 7 Processor 4 | . . . . . . . . 8 9 9 7 7 9 Protection 12 | . . . 14 10 11 11 24 17 18 18 17 11 7 Energy Gun 1 | . 11 . 1 . . 11 6 . . . . . . Energy Cannon 8 | . . . 1 20 . . 1 9 18 18 15 15 11 Ballistic Gun 5 | . 16 28 18 . . . . . . . . . . Ballistic Cannon 1 | . . . . . . . 2 6 . . . . . Peak Build Rating 69 | 7 10 10 24 17 29 28 41 46 48 48 49 65 69 Average Rating 36 | 4 7 9 19 15 11 28 36 40 47 47 47 53 60 On Entrance 28 | . 7 10 10 17 11 28 28 36 46 48 48 49 59 Avg Prop Armor Cover (%) . | . . . . . . . . . . . . . . Naked Turns . | . . . . . . . . . . . . . . Heaviest Build 177 | 14 30 30 44 31 31 31 109 111 111 111 115 174 177 Greatest Support 46 | 40 40 40 46 40 32 32 32 28 28 28 28 28 28 Greatest Overweight (x) 27 | 1 . 1 1 . . . 7 27 3 3 4 6 6 Average Overweight (x) 2 | . . . . . . . 3 3 3 3 3 4 5 Largest Inventory Capacity 30 | 8 15 15 15 15 15 15 25 25 25 25 25 30 30 Average Capacity 21 | 7 11 15 15 15 15 15 20 24 25 25 25 25 30 Most Carried 30 | 7 11 9 15 12 15 12 23 25 25 25 25 30 30 Average Carried 19 | 4 6 8 14 7 10 12 19 24 24 24 23 24 28 Final Capacity 30 | 8 15 15 15 15 15 15 25 25 25 25 25 30 30 Final Carried 30 | 6 9 9 13 9 12 12 20 25 25 25 22 30 30 Class Distribution -------------------- 50% | Mutant 33% | Bothacker-Mutant 15% | Scavenger-Mutant Dominant Class ---------------- Mutant | -10/Materials Mutant | -10/Mines Mutant | -9/Materials Mutant | -9/Mines Mutant | -9/Exiles Mutant | -8/Mines Mutant | -8/Materials Scavenger-Mutant | -8/Garrison Mutant | -8/Materials Bothacker-Mutant | -8/Storage Bothacker-Mutant | -7/Factory Bothacker-Mutant | -7/Garrison Bothacker-Mutant | -7/Factory Resources | -11 -10 -10 -9 -9 -9 -8 -8 -8 -8 -8 -7 -7 -7 ----------- Run | Yrd Mat Min Mat Min Exi Min Mat Gar Mat Sto Fac Gar Fac Matter Collected 3792 | 297 101 270 961 63 48 49 377 983 30 20 . 190 403 Remotely 472 | 10 . 270 192 . . . . . . . . . . Salvage Created 9083 | 115 449 301 1798 118 . 49 1174 1527 60 775 188 1298 1231 Parts 450 | 11 31 21 101 10 . 2 49 69 3 32 7 45 69 Haulers Intercepted 4 | . . . 3 . . . . . . . . . 1 Recyclers Shooed 3 | . 1 . . . . . 1 . . . . . 1 Parts Field Recycled . | . . . . . . . . . . . . . . Retrieved Matter . | . . . . . . . . . . . . . . Parts Self-Destructed . | . . . . . . . . . . . . . . Prevented . | . . . . . . . . . . . . . . Parts Restored . | . . . . . . . . . . . . . . Kills | -11 -10 -10 -9 -9 -9 -8 -8 -8 -8 -8 -7 -7 -7 ------- Run | Yrd Mat Min Mat Min Exi Min Mat Gar Mat Sto Fac Gar Fac Combat Hostiles Destroyed 165 | . 11 7 42 5 . 1 20 34 1 13 3 10 18 Melee 1 | . . . . . . . . 1 . . . . . Guns 90 | . 11 7 38 . . 1 18 8 . . . . 7 Cannons 68 | . . . 3 5 . . 2 25 1 11 2 9 10 AOE 1 | . . . 1 . . . . . . . . . . Classes Destroyed 18 | 2 4 . 3 2 . 1 1 3 . 1 . . 1 Worker 7 | . . . 2 . . . 4 . . . . . 1 Builder 5 | . . . . 2 . . . . . . . . 3 Tunneler 6 | 3 . 3 . . . . . . . . . . . Hauler 4 | . . . 3 . . . . . . . . . 1 Recycler 6 | 1 1 . 1 . . . 2 . . . . . 1 Operator 5 | . 1 . 1 . . . . . . 3 . . . Watcher 12 | . 3 . 3 . . . 4 . . 1 . . 1 Swarmer 41 | . 6 3 13 3 . . 4 11 . . . 1 . Grunt 61 | . 5 4 20 . . . 9 5 . 10 . 4 4 Brawler 1 | . . . . . . . 1 . . . . . . Duelist 2 | . . . . . . . . . . 1 . 1 . Sentry 35 | . . . 9 . . . 5 10 1 2 2 3 3 Demolisher 1 | . . . . . . . . 1 . . . . . Specialist 5 | . . . . . . . . 1 . . . 1 3 Hunter 7 | . . . . . . 1 1 3 . . 1 . 1 Programmer 9 | . . . . . . . . 3 . . . . 6 Heavy 2 | . . . . . . . . . . . . . 2 Assembled 2 | . . . . 2 . . . . . . . . . Best Kill Streak 13 | 2 5 3 8 3 . 1 5 13 1 5 1 4 8 Combat Bots Only 13 | . 3 3 7 2 . 1 4 13 1 4 1 4 7 Max Kills in Single Turn 2 | 1 2 1 2 1 . 1 1 2 1 1 1 1 2 Gunslinging 1 | . 1 . 1 . . . . . . . . . 1 Exploded 1 | . . . 1 . . . . . . . . . . Melee 1 | . . . . . . . . 1 . . . . . Uniques/NPCs Destroyed . | . . . . . . . . . . . . . . Combat | -11 -10 -10 -9 -9 -9 -8 -8 -8 -8 -8 -7 -7 -7 -------- Run | Yrd Mat Min Mat Min Exi Min Mat Gar Mat Sto Fac Gar Fac Hostile Shots Fired 1064 | . 52 29 287 45 . 6 55 121 6 48 44 106 265 Missed 319 | . 11 9 79 9 . . 13 32 3 12 14 34 103 Hits 745 | . 41 20 208 36 . 6 42 89 3 36 30 72 162 Melee 9 | . . . 3 . . . . 4 . . . 2 . Projectile 736 | . 41 20 205 36 . 6 42 85 3 36 30 70 162 AOE 15 | . . . . 11 . . . 2 . . 1 . 1 Critical Strikes 31 | . 1 . 8 . . 1 1 4 1 3 . . 12 Actively Blocked 4 | . . . 1 . . 1 1 1 . . . . . Part Disruptions 2 | . 1 . . . . . . . . . 1 . . Damage Taken 9954 | . 467 232 2552 639 . 85 623 1181 47 585 369 769 2405 Core 1501 | . 65 34 248 97 . 19 78 133 . 117 47 87 576 Absorbed by Shields 62 | . . . . . . . . . . . . 18 44 Redirected to Shielding 700 | . . . 72 98 . 42 117 238 . 37 29 . 67 Ignored by Resistances 128 | . . . . . . . . . . 3 . 55 70 Core Remaining (%) 52 | 100 . 60 . . . 9 . . . 40 . . . Volleys Fired 627 | 9 43 24 142 19 . . 17 128 3 40 9 98 95 Largest 2 | 2 2 2 2 2 . . 2 2 2 2 2 2 2 Hottest 176 | 60 60 46 136 136 . . 136 136 160 160 160 170 176 Shots Fired 1174 | 18 82 48 272 34 . 7 116 207 6 80 16 132 156 Gun 564 | 18 82 48 254 . . 7 84 15 . . . . 56 Cannon 588 | . . . 18 34 . . 32 192 6 80 16 132 78 Launcher . | . . . . . . . . . . . . . . Special 22 | . . . . . . . . . . . . . 22 Kinetic 453 | 9 43 48 232 . . . 24 97 . . . . . Thermal 699 | 9 39 . 40 34 . 7 92 110 6 80 16 132 134 Explosive . | . . . . . . . . . . . . . . Electromagnetic . | . . . . . . . . . . . . . . Robot Hit Streak 54 | 3 12 6 11 4 . 4 18 24 4 8 3 50 54 Robot Miss Streak 6 | 3 4 3 6 6 . 1 3 6 3 4 2 3 3 Penetration Max . | . . . . . . . . . . . . . . Secondary Targets 11 | . 3 . 6 . . . . . . . . . 2 Max Gunslinging Chain 1 | . 1 . 1 . . . . . . . . . 1 Autonomous 122 | . . . . . . 7 84 15 . . . . 16 Shots Hit Robots 721 | 7 44 25 169 13 . 6 80 126 2 47 7 96 99 Core Hits 319 | 5 27 14 72 7 . 2 35 54 1 25 4 41 32 Critical Kills 8 | . . 1 . . . . . 2 . 2 1 2 . Critical Parts Destroyed 2 | . 1 . . . . . . 1 . . . . . Critical Strikes 27 | . 1 1 3 . . . 1 13 . 2 1 2 3 Burn 6 | . . . 3 . . . . . . . . . 3 Meltdown 7 | . . . . . . . . 2 . 2 1 2 . Destroy 2 | . 1 1 . . . . . . . . . . . Blast 11 | . . . . . . . 1 10 . . . . . Smash 1 | . . . . . . . . 1 . . . . . Melee Attacks 3 | . . . . . . . . 3 . . . . . Impact 3 | . . . . . . . . 3 . . . . . Slashing . | . . . . . . . . . . . . . . Piercing . | . . . . . . . . . . . . . . Sneak Attacks . | . . . . . . . . . . . . . . Combat Hostiles . | . . . . . . . . . . . . . . Follow-up Attacks . | . . . . . . . . . . . . . . Damage Inflicted 17335 | 98 612 384 3075 246 . 173 2428 3292 54 1254 178 2879 2662 Guns 7577 | 98 543 384 2645 . . 173 2043 455 . . . . 1236 Cannons 9298 | . . . 164 246 . . 385 2712 54 1254 178 2879 1426 Explosions 335 | . 69 . 266 . . . . . . . . . . Melee 125 | . . . . . . . . 125 . . . . . Ramming . | . . . . . . . . . . . . . . Kinetic 4836 | 53 307 384 2372 . . . 322 1398 . . . . . Thermal 12039 | 45 236 . 437 246 . 173 2106 1769 54 1254 178 2879 2662 Explosive 266 | . . . 266 . . . . . . . . . . Electromagnetic 69 | . 69 . . . . . . . . . . . . Impact 125 | . . . . . . . . 125 . . . . . Slashing . | . . . . . . . . . . . . . . Piercing . | . . . . . . . . . . . . . . Highest Corruption 4 | . 1 1 3 3 3 3 . . . . . . 4 Average Corruption 1 | . 1 1 1 3 3 3 . . . . . . 2 Corruption Purged . | . . . . . . . . . . . . . . Corruption Blocked . | . . . . . . . . . . . . . . Effects 69 | . 8 7 15 10 9 1 . . . . . . 19 Message Errors 17 | . 1 1 6 1 3 . . . . . . . 5 Matter Fused 14 | . . 2 2 3 2 1 . . . . . . 4 Heat Flow Errors 13 | . 4 2 3 1 1 . . . . . . . 2 Energy Discharges 4 | . 1 . 1 1 . . . . . . . . 1 Parts Fused 3 | . 1 1 . . 1 . . . . . . . . Data Loss (minor) 8 | . 1 . 1 1 2 . . . . . . . 3 Data Loss (major) 3 | . . . 2 1 . . . . . . . . . Misfires 4 | . . . . 2 . . . . . . . . 2 Alerts 2 | . . 1 . . . . . . . . . . 1 Weapon Failures 1 | . . . . . . . . . . . . . 1 Overload Shots . | . . . . . . . . . . . . . . Overflow Damage 130 | . . . . . . . . 78 . 4 . 27 21 Projectiles 84 | . . . . . . . . 32 . 4 . 27 21 Explosions . | . . . . . . . . . . . . . . Melee 46 | . . . . . . . . 46 . . . . . Knockbacks 5 | . . . . . . . 2 3 . . . . . Impact . | . . . . . . . . . . . . . . Kinetic 5 | . . . . . . . 2 3 . . . . . Secondary . | . . . . . . . . . . . . . . Self-Inflicted Damage 140 | . 43 . 97 . . . . . . . . . . Shots 3 | . 2 . 1 . . . . . . . . . . Rammed . | . . . . . . . . . . . . . . Targets Rammed . | . . . . . . . . . . . . . . Kicked . | . . . . . . . . . . . . . . Crushed . | . . . . . . . . . . . . . . Highest Temperature 456 | . 269 105 229 154 117 . 53 17 108 291 48 270 456 Average Temperature 72 | . 62 25 38 27 75 . 28 5 62 82 21 85 149 Received Heat Transfer 3217 | . 189 108 936 40 . . 279 324 36 369 54 243 639 Effects 2 | . . . . . . . . . . . . . 2 Shutdowns 1 | . . . . . . . . . . . . . 1 Interference 1 | . . . . . . . . . . . . . 1 Siege Activations . | . . . . . . . . . . . . . . Martial Activations . | . . . . . . . . . . . . . . Shielding Activations . | . . . . . . . . . . . . . . Robots Disrupted . | . . . . . . . . . . . . . . Combat Hostiles . | . . . . . . . . . . . . . . Robots Corrupted . | . . . . . . . . . . . . . . Combat Hostiles . | . . . . . . . . . . . . . . Parts Fried 1 | . 1 . . . . . . . . . . . . Impact Corruptions 1 | . . . . . . . . 1 . . . . . Robots Melted 8 | . . . . . . . . 2 . 2 1 2 1 Combat Hostiles 5 | . . . . . . . . . . 2 1 1 1 Parts Melted 33 | . . . 2 1 . . 2 1 . 5 2 11 9 Heat Transferred 18587 | 100 550 . 989 444 . 222 2701 2781 100 2450 350 4016 3884 Parts Sabotaged 7 | . . . . . . . . 7 . . . . . Parts Stolen . | . . . . . . . . . . . . . . Parts Stripped . | . . . . . . . . . . . . . . Power Chain Reactions 1 | . 1 . . . . . . . . . . . . Alert | -11 -10 -10 -9 -9 -9 -8 -8 -8 -8 -8 -7 -7 -7 ------- Run | Yrd Mat Min Mat Min Exi Min Mat Gar Mat Sto Fac Gar Fac Maximum Alert Level 5 | . . . 3 1 . . . 5 3 2 1 4 2 Low Security (%) 35 | 100 100 100 37 73 . 100 100 1 . . . 6 . Level 1 11 | . . . 18 26 . . . 7 . 61 100 10 . Level 2 33 | . . . 42 . . . . 24 . 38 . 25 100 Level 3 8 | . . . 1 . . . . 20 100 . . 33 . Level 4 9 | . . . . . . . . 37 . . . 24 . Level 5 1 | . . . . . . . . 8 . . . . . High Security . | . . . . . . . . . . . . . . Max Security . | . . . . . . . . . . . . . . Peak Influence 1758 | 5 152 112 703 294 . 31 186 1758 875 605 295 1236 648 Initial 856 | . . 27 . 264 . . 7 115 856 365 271 143 648 Average 462 | 1 74 31 335 135 . 3 66 1001 853 416 252 756 504 Influence Increases 6975 | 20 345 200 1411 100 . 31 621 1733 39 486 114 1163 712 Destroy 0b10 Robot/C 3940 | . 220 140 900 60 . 20 400 800 20 280 60 640 400 Destroy 0b10 Robot/NC 290 | 20 25 15 50 10 . . 50 25 . 25 . 30 40 Destroy Leader 684 | . 56 30 222 . . 10 88 30 10 64 30 30 114 Allied During Kill 195 | . . . 6 . . . . 33 5 14 . 127 10 Successful Hack 122 | . 10 . 32 . . . 37 . . 7 24 . 12 Disable Machine 285 | . 30 15 60 15 . . . 30 . 45 . . 90 Anti-Garrison Action 850 | . . . . . . . . 550 . . . 300 . Destroy Structure 279 | . 4 . 21 . . 1 31 115 4 21 . 36 46 Partial Spotted 15 | . . . 15 . . . . . . . . . . Lose Combat Pursuer 315 | . . . 105 15 . . 15 150 . 30 . . . Influence Decreases 6415 | 20 273 272 734 773 4 10 464 153 932 754 506 132 1388 Entered New Map 2917 | . . 45 . 413 4 . 14 63 902 500 326 62 588 Time Decay 2808 | 20 263 217 574 270 . 10 430 . 30 214 150 . 630 Lost Part 470 | . 10 10 140 50 . . 20 70 . . 30 50 90 Lost Ally 220 | . . . 20 40 . . . 20 . 40 . 20 80 Squads Dispatched 25 | . 3 . 6 . . . 1 . . 4 1 . 10 Investigation 2 | . . . 1 . . . . . . . . . 1 Extermination 4 | . . . . . . . . . . . 1 . 3 Reinforcement 15 | . 3 . 3 . . . 1 . . 2 . . 6 Assault 4 | . . . 2 . . . . . . 2 . . . Garrison . | . . . . . . . . . . . . . . Intercept . | . . . . . . . . . . . . . . Searches Triggered . | . . . . . . . . . . . . . . Construction Impeded 3 | . . . 1 . . . . . . . . . 2 Haulers Reinforced . | . . . . . . . . . . . . . . Active Scanning Responses . | . . . . . . . . . . . . . . Cargo Convoy Interrupts 1 | . . . . . . . . . . . . . 1 Stealth | -11 -10 -10 -9 -9 -9 -8 -8 -8 -8 -8 -7 -7 -7 --------- Run | Yrd Mat Min Mat Min Exi Min Mat Gar Mat Sto Fac Gar Fac Distress Signals 14 | . 1 . 8 1 . . 1 . . 2 . . 1 Communications Jammed . | . . . . . . . . . . . . . . Distress Signals . | . . . . . . . . . . . . . . Times Spotted 288 | . 19 7 65 11 . 1 28 51 1 22 5 28 50 Peak Tracking Total 10 | . 3 3 7 4 . 1 4 10 1 5 2 7 6 Tactical Retreats 16 | . . . 6 1 . . 1 7 . 1 . . . Traps | -11 -10 -10 -9 -9 -9 -8 -8 -8 -8 -8 -7 -7 -7 ------- Run | Yrd Mat Min Mat Min Exi Min Mat Gar Mat Sto Fac Gar Fac Traps Triggered 21 | . . . 3 . . . 3 7 . 1 . 6 1 Indirectly . | . . . . . . . . . . . . . . Trap Hack Attempts . | . . . . . . . . . . . . . . Triggered . | . . . . . . . . . . . . . . Disarmed . | . . . . . . . . . . . . . . Reprogrammed . | . . . . . . . . . . . . . . Reused . | . . . . . . . . . . . . . . Traps Extracted . | . . . . . . . . . . . . . . Installed . | . . . . . . . . . . . . . . Triggered . | . . . . . . . . . . . . . . Machines | -11 -10 -10 -9 -9 -9 -8 -8 -8 -8 -8 -7 -7 -7 ---------- Run | Yrd Mat Min Mat Min Exi Min Mat Gar Mat Sto Fac Gar Fac Machines Disabled 30 | . 2 1 4 1 . . . 8 . 3 . 5 6 Max in Single Turn 2 | . 2 1 2 1 . . . 2 . 1 . 1 1 Garrison Relay 7 | . . . . . . . . 3 . . . 4 . Phase Generator 1 | . . . . . . . . 1 . . . . . Machines Repaired . | . . . . . . . . . . . . . . Machines Dismantled . | . . . . . . . . . . . . . . Machines Sabotaged . | . . . . . . . . . . . . . . Overloaded Fab Kills . | . . . . . . . . . . . . . . Hacking | -11 -10 -10 -9 -9 -9 -8 -8 -8 -8 -8 -7 -7 -7 --------- Run | Yrd Mat Min Mat Min Exi Min Mat Gar Mat Sto Fac Gar Fac Machines Accessed 40 | . 5 . 6 . 2 . 8 2 . 7 4 2 4 Terminals 29 | . 3 . 6 . . . 6 2 . 7 1 2 2 Fabricators 2 | . . . . . . . . . . . 1 . 1 Repair Stations 1 | . . . . . . . . . . . . . 1 Recycling Units 2 | . 2 . . . . . . . . . . . . Scanalyzers 2 | . . . . . . . 1 . . . 1 . . Garrison Access 2 | . . . . . . . 1 . . . 1 . . Total Hacks 91 | . 9 . 19 . 2 . 26 3 . 14 7 3 8 Successful 36 | . 2 . 9 . 2 . 12 1 . 4 3 2 1 Failed 54 | . 7 . 10 . . . 14 2 . 10 3 1 7 Catastrophic 5 | . . . 1 . . . . 1 . 1 1 . 1 Database Lockouts 1 | . . . . . . . . . . . 1 . . Manual 50 | . 6 . 19 . 1 . 18 . . 6 . . . Terminals 70 | . 6 . 19 . . . 20 3 . 14 1 3 4 Fabricators 3 | . . . . . . . . . . . 2 . 1 Repair Stations 3 | . . . . . . . . . . . . . 3 Recycling Units 3 | . 3 . . . . . . . . . . . . Scanalyzers 7 | . . . . . . . 4 . . . 3 . . Garrison Access 3 | . . . . . . . 2 . . . 1 . . Terminal Hacks 19 | . . . 4 . 2 . 5 1 . 4 1 2 . Record 1 | . . . . . 1 . . . . . . . . Open Door 4 | . . . . . . . . 1 . 3 . . . Emergency Access Points 1 | . . . . . . . . . . . . 1 . Security Status 1 | . . . 1 . . . . . . . . . . Registered Components 1 | . . . . . . . 1 . . . . . . Zone Layout 9 | . . . 3 . . . 4 . . 1 1 . . Garrison Registry 1 | . . . . . . . . . . . . 1 . Proto ID Catalog 1 | . . . . . 1 . . . . . . . . Fabricator Hacks . | . . . . . . . . . . . . . . Repair Station Hacks 1 | . . . . . . . . . . . . . 1 Scan Component 1 | . . . . . . . . . . . . . 1 Recycling Unit Hacks . | . . . . . . . . . . . . . . Scanalyzer 2 | . . . . . . . 1 . . . 1 . . Retrieve Study 2 | . . . . . . . 1 . . . 1 . . Garrison Access Hacks 2 | . . . . . . . 1 . . . 1 . . Unlock Access 2 | . . . . . . . 1 . . . 1 . . Unauthorized Hacks 12 | . 2 . 5 . . . 5 . . . . . . Terminals 12 | . 2 . 5 . . . 5 . . . . . . Assimilate 1 | . 1 . . . . . . . . . . . . Skim 11 | . 1 . 5 . . . 5 . . . . . . Fabricators . | . . . . . . . . . . . . . . Repair Stations . | . . . . . . . . . . . . . . Recycling Units . | . . . . . . . . . . . . . . Scanalyzers . | . . . . . . . . . . . . . . Garrison Access . | . . . . . . . . . . . . . . Data Cores Recovered 2 | . 1 . . . . . . . . 1 . . . Used . | . . . . . . . . . . . . . . Hacking Detections 32 | . 5 . 6 . . . 8 1 . 4 2 2 4 Full Trace Events 2 | . . . . . . . . 1 . . . . 1 Feedback Events . | . . . . . . . . . . . . . . Feedback Blocked . | . . . . . . . . . . . . . . Robot Schematics Acquired . | . . . . . . . . . . . . . . Robots Built . | . . . . . . . . . . . . . . Authchips . | . . . . . . . . . . . . . . Time . | . . . . . . . . . . . . . . Total Robot Build Rating . | . . . . . . . . . . . . . . Part Schematics Acquired . | . . . . . . . . . . . . . . Parts Built . | . . . . . . . . . . . . . . Authchips . | . . . . . . . . . . . . . . Time . | . . . . . . . . . . . . . . Total Part Build Rating . | . . . . . . . . . . . . . . Part Studies Acquired 2 | . . . . . . . 1 . . . 1 . . Parts Repaired . | . . . . . . . . . . . . . . Time . | . . . . . . . . . . . . . . Parts Recycled . | . . . . . . . . . . . . . . Recycled Matter . | . . . . . . . . . . . . . . Retrieved Matter . | . . . . . . . . . . . . . . Retrieved Components . | . . . . . . . . . . . . . . Parts Scanalyzed . | . . . . . . . . . . . . . . Part Schematics Acquired . | . . . . . . . . . . . . . . Parts Damaged . | . . . . . . . . . . . . . . Bothacking | -11 -10 -10 -9 -9 -9 -8 -8 -8 -8 -8 -7 -7 -7 ------------ Run | Yrd Mat Min Mat Min Exi Min Mat Gar Mat Sto Fac Gar Fac Used RIF Installer 2 | . . . . . . . . 1 . . . 1 . Structural Interface 1 | . . . . . . . . . . . . 1 . Robots Hacked 13 | . . . . . . . . . . . . . 13 Non-combat 4 | . . . . . . . . . . . . . 4 Combat 9 | . . . . . . . . . . . . . 9 Robot Hacks Applied 16 | . . . . . . . . . . . . . 16 parse_system 1 | . . . . . . . . . . . . . 1 drop_inventory 1 | . . . . . . . . . . . . . 1 map_route 2 | . . . . . . . . . . . . . 2 redirect_shields 1 | . . . . . . . . . . . . . 1 overload_power 1 | . . . . . . . . . . . . . 1 amplify_resonance 2 | . . . . . . . . . . . . . 2 reboot_system 1 | . . . . . . . . . . . . . 1 overwrite_iff 3 | . . . . . . . . . . . . . 3 streamctrl_high 1 | . . . . . . . . . . . . . 1 formatsys_high 2 | . . . . . . . . . . . . . 2 formatsys_deep 1 | . . . . . . . . . . . . . 1 Relay Couplers Released 31 | . . . . . . . . 14 . . . 17 . Machine Destruction 31 | . . . . . . . . 14 . . . 17 . Attached 6 | . . . . . . . . . . . . . 6 Fabnet Peak Effective % . | . . . . . . . . . . . . . . Robots Rewired 3 | . . . . . . . . 3 . . . . . Allies Hacked . | . . . . . . . . . . . . . . Hacks Repelled . | . . . . . . . . . . . . . . Allies | -11 -10 -10 -9 -9 -9 -8 -8 -8 -8 -8 -7 -7 -7 -------- Run | Yrd Mat Min Mat Min Exi Min Mat Gar Mat Sto Fac Gar Fac Total Allies 16 | . . 1 . 3 . . . 3 . . . 2 7 Largest Group 3 | . . 1 1 3 1 1 . 3 2 2 . 2 2 Highest-Rated Group 160 | . . 31 31 40 16 16 . 70 45 45 . 160 80 Highest-Rated Ally 80 | . . 31 31 16 16 16 . 25 25 25 . 80 80 Total Orders . | . . . . . . . . . . . . . . Ally Attacks 138 | . . . 20 21 . 1 . 24 . 6 . 37 29 Total Damage 3434 | . . . 210 172 . . . 559 . 148 . 1529 816 Kills 41 | . . . 3 3 . . . 7 . 2 . 22 4 Allies Corrupted . | . . . . . . . . . . . . . . Allies Melted . | . . . . . . . . . . . . . . Intel | -11 -10 -10 -9 -9 -9 -8 -8 -8 -8 -8 -7 -7 -7 ------- Run | Yrd Mat Min Mat Min Exi Min Mat Gar Mat Sto Fac Gar Fac Active Infowar (turns) 1120 | 5 231 . 159 . . . . . . . . . 725 Terrain 159 | . . . 159 . . . . . . . . . . Seismic 236 | 5 231 . . . . . . . . . . . . T.N.C. 725 | . . . . . . . . . . . . . 725 Robot Analysis Total . | . . . . . . . . . . . . . . Derelict Logs Recovered 2 | . . 1 . 1 . . . . . . . . . Drone Launches . | . . . . . . . . . . . . . . Drone Recoveries . | . . . . . . . . . . . . . . Exploration | -11 -10 -10 -9 -9 -9 -8 -8 -8 -8 -8 -7 -7 -7 ------------- Run | Yrd Mat Min Mat Min Exi Min Mat Gar Mat Sto Fac Gar Fac Turns Passed 12462 | 123 734 733 1754 596 448 137 1284 2229 74 457 309 1394 2190 Spaces Moved 6567 | 58 367 567 773 473 419 108 727 984 36 229 180 700 946 Core 18 | 16 . . . . . . . 2 . . . . . Treads 1222 | 42 367 43 757 13 . . . . . . . . . Legs . | . . . . . . . . . . . . . . Wheels 5327 | . . 524 16 460 419 108 727 982 36 229 180 700 946 Hover . | . . . . . . . . . . . . . . Flight . | . . . . . . . . . . . . . . Fastest Speed 50 | 50 160 105 105 100 100 100 100 100 145 145 145 150 165 Average Speed 143 | 130 160 109 159 101 100 100 141 150 145 145 150 151 179 Slowest Speed 1400 | 160 160 240 240 160 100 100 175 1400 145 145 160 180 180 Overloaded Moves . | . . . . . . . . . . . . . . Propulsion Burnouts . | . . . . . . . . . . . . . . Robots Hopped . | . . . . . . . . . . . . . . Potential Cave-ins . | . . . . . . . . . . . . . . Cave-ins Triggered . | . . . . . . . . . . . . . . Exploration Rate (%) 53 | 5 86 97 70 79 68 34 62 92 5 58 6 66 25 Regions Visited 13 Branch Regions 5 Pre-discovered Areas 2 | . . . . . 1 . 1 . . . . . . Known Exits Taken 6 | . . . 1 . . 1 1 . 1 1 1 . . Unknown Exits Taken 5 | 1 1 1 . 1 1 . . . . . . . . Scrap Searched 1 | . . 1 . . . . . . . . . . . Spaces Dug 12 | . . . . . . . 5 . . . . . 7 Terrain Destroyed 194 | . 2 . 23 1 . 1 28 81 3 19 . 1 35 Melee . | . . . . . . . . . . . . . . Projectile 90 | . . . . 1 . 1 28 2 3 19 . 1 35 AOE 104 | . 2 . 23 . . . . 79 . . . . . Terrain Rammed . | . . . . . . . . . . . . . . Walls Destroyed . | . . . . . . . . . . . . . . Machines Disabled . | . . . . . . . . . . . . . . Actions | -11 -10 -10 -9 -9 -9 -8 -8 -8 -8 -8 -7 -7 -7 --------- Run | Yrd Mat Min Mat Min Exi Min Mat Gar Mat Sto Fac Gar Fac Total 8585 | 86 434 630 1037 557 449 137 955 1545 54 274 203 909 1315 Wait 754 | . 1 37 19 58 18 30 129 259 4 . 6 12 181 Move 6555 | 57 366 566 772 472 418 107 727 983 35 228 179 699 946 Hop . | . . . . . . . . . . . . . . Pick Up 188 | 12 11 1 42 . 6 . 27 35 4 1 3 20 26 Fast Attach 28 | 1 . . 1 . . . 9 5 . 2 . 4 6 Attach 114 | 6 4 1 20 6 4 . 21 19 1 . 5 8 19 Detach 14 | . . . . 2 1 . 5 2 . . . 1 3 Swap 44 | 1 2 1 11 . . . 2 9 2 . . 3 13 Drop 135 | . 7 . 30 . 2 . 18 26 5 3 1 17 26 Fire 627 | 9 43 24 142 19 . . 17 128 3 40 9 98 95 Melee 3 | . . . . . . . . 3 . . . . . Ram . | . . . . . . . . . . . . . . Kick . | . . . . . . . . . . . . . . Crush . | . . . . . . . . . . . . . . Escape Stasis 79 | . . . . . . . . 32 . . . 47 . Rewire 44 | . . . . . . . . 44 . . . . . Trap . | . . . . . . . . . . . . . . Miscellaneous . | . . . . . . . . . . . . . . Route ------- -11/Scrapyard -10/Materials (discovered 5 exits: *Mat x3 / [*Min] / [*Sub]) -10/Mines (discovered 2 exits: *Mat x2) -9/Materials (discovered 4 exits: *Mat x3 / *Min) -9/Mines (discovered 3 exits: *Mat x2 / *Exi) -9/Exiles -8/Mines -8/Materials (discovered 6 exits: *Fac x3 / *Sto x2 / Gar) -8/Garrison (discovered 3 exits: [*Mat x3]) -8/Materials -8/Storage -7/Factory (discovered 3 exits: Fac / Low / Gar) -7/Garrison (discovered 3 exits: *Fac x3) -7/Factory (discovered 2 exits: *Fac / *Low) History --------- Turn | Location | Event 30 | -11/Scrapyard | Discovered new exit (range 16) 124 | -11/Scrapyard | Entered Materials 255 | -10/Materials | Discovered new exit (range 12) 260 | -10/Materials | Discovered new exit (range 16) 311 | -10/Materials | Build established: Mutant 394 | -10/Materials | Discovered new exit (range 11) 519 | -10/Materials | Discovered new exit (range 6) 624 | -10/Materials | Derelicts attacked the area 633 | -10/Materials | Discovered new exit (range 6) 858 | -10/Materials | Entered Mines 1195 | -10/Mines | Discovered new exit (range 10) 1233 | -10/Mines | Received a Rocket Launcher from a helpful Derelict 1267 | -10/Mines | Learned 2 Materials zone layouts 1566 | -10/Mines | Received a Mining Laser from a helpful Derelict 1581 | -10/Mines | Discovered new exit (range 5) 1591 | -10/Mines | Entered Materials 1591 | -9/Materials | Accompanied by 1 ally 1591 | -9/Materials | Evolved 2 slots: Utility x2 1592 | -9/Materials | Identified exit to Mines 1592 | -9/Materials | Identified exit to Materials 1848 | -9/Materials | Lost 4 parts (1p1n2u) 2300 | -9/Materials | Destroyed 7 combat bots 2326 | -9/Materials | Discovered exit to Materials (range 14) 2766 | -9/Materials | Discovered exit to Materials (range 10) 2784 | -9/Materials | Build established: Scavenger-Mutant 2970 | -9/Materials | Core integrity fell below 50% 3002 | -9/Materials | Lost 3 parts (1n1u1w) 3083 | -9/Materials | Learned Storage security intel 3162 | -9/Materials | Learned 2 Storage zone layouts 3191 | -9/Materials | First assault squad dispatched 3231 | -9/Materials | Learned Storage security intel 3336 | -9/Materials | Learned 4 Materials zone layouts 3345 | -9/Materials | Entered Mines 3389 | -9/Mines | Assembled infested the area 3401 | -9/Mines | Lost 3 parts (2n1u) 3413 | -9/Mines | Core integrity fell below 20% 3443 | -9/Mines | Lost 4 parts (2n2w) 3500 | -9/Mines | Build established: Mutant 3565 | -9/Mines | Assisted by bots powering up and referring to "LRC-V3" 3579 | -9/Mines | Learned location of 1 exit from Materials 3831 | -9/Mines | YI-UF0 nonchalantly dropped a Grenade Launcher on the ground 3910 | -9/Mines | Deemed a non-threat by the Exiles lab entrance 3910 | -9/Mines | Discovered new exit (range 5) 3941 | -9/Mines | Entered Exiles 3941 | -9/Exiles | Accompanied by 1 ally 3965 | -9/Exiles | Met 8R-AWN 3982 | -9/Exiles | Met EX-HEX 4035 | -9/Exiles | Met EX-DEC 4052 | -9/Exiles | Learned location of Zion (-6) 4221 | -9/Exiles | Met EX-BIN 4235 | -9/Exiles | Aligned with FarCom system 4236 | -9/Exiles | Given EX-Vault access code 4259 | -9/Exiles | Opened EX-Vault 4267 | -9/Exiles | Found Modified TNC 4272 | -9/Exiles | Found PSU Rigger 4276 | -9/Exiles | Found AWS/Thermal 4300 | -9/Exiles | Warned to stay clear of 0b10 Research branches 4362 | -9/Exiles | Discovered new exit (range 10) 4389 | -9/Exiles | Stole three prototypes: Modified TNC, PSU Rigger, AWS/Thermal 4389 | -9/Exiles | Entered Mines 4389 | -8/Mines | Accompanied by 1 ally 4526 | -8/Mines | Entered Materials 4526 | -8/Materials | Evolved 2 slots: Utility x2 4527 | -8/Materials | Identified exit to Factory 5006 | -8/Materials | Discovered new exit (range 13) 5053 | -8/Materials | Discovered exit to Factory (range 15) 5632 | -8/Materials | Learned location of 2 exits from Lower Caves 5665 | -8/Materials | Learned location of 1 exit from Lower Caves 5696 | -8/Materials | Learned location of 1 exit from Lower Caves 5697 | -8/Materials | Learned 4 Factory zone layouts 5698 | -8/Materials | Identified exit to Storage 5699 | -8/Materials | Learned 2 Lower Caves zone layouts 5725 | -8/Materials | Learned location of 2 exits from Lower Caves 5810 | -8/Materials | Identified exit to Garrison 5810 | -8/Materials | Entered Garrison 5850 | -8/Garrison | Triggered checkpoint 5927 | -8/Garrison | Destroyed 13 combat bots 6008 | -8/Garrison | Garrison Relay disabled 6148 | -8/Garrison | Triggered checkpoint 6210 | -8/Garrison | Triggered checkpoint 6650 | -8/Garrison | Destroyed 10 combat bots 6784 | -8/Garrison | Triggered checkpoint 6789 | -8/Garrison | Garrison Relay disabled 6953 | -8/Garrison | Garrison Relay disabled 7066 | -8/Garrison | Discovered new exit (range 9) 7095 | -8/Garrison | Phase Generator disabled 7147 | -8/Garrison | Build established: Scavenger-Mutant 7332 | -8/Garrison | Triggered checkpoint 7577 | -8/Garrison | Discovered new exit (range 12) 7590 | -8/Garrison | Installed Relay Interface Framework 7812 | -8/Garrison | Triggered checkpoint 7882 | -8/Garrison | Triggered checkpoint 7890 | -8/Garrison | Discovered new exit (range 14) 8039 | -8/Garrison | Entered Materials 8039 | -8/Materials | Accompanied by 2 allies 8084 | -8/Materials | Discovered exit to Storage (range 11) 8113 | -8/Materials | Entered Storage 8113 | -8/Storage | Accompanied by 2 allies 8115 | -8/Storage | FarCom data flow suspended 8470 | -8/Storage | Core integrity fell below 50% 8512 | -8/Storage | Build established: Bothacker-Mutant 8513 | -8/Storage | First assault squad dispatched 8548 | -8/Storage | Discovered exit to Factory (range 16) 8570 | -8/Storage | Entered Factory 8570 | -7/Factory | Evolved 2 slots: Utility x2 8571 | -7/Factory | Identified exit to Lower Caves 8572 | -7/Factory | Identified exit to Factory 8703 | -7/Factory | Lost 3 parts (1p2u) 8791 | -7/Factory | Central database locked down 8869 | -7/Factory | Identified exit to Garrison 8879 | -7/Factory | Entered Garrison 8885 | -7/Garrison | Found embedded Infiltrators 8941 | -7/Garrison | Triggered checkpoint 8970 | -7/Garrison | Garrison Relay disabled 9125 | -7/Garrison | Triggered checkpoint 9180 | -7/Garrison | Discovered new exit (range 11) 9195 | -7/Garrison | Triggered checkpoint 9258 | -7/Garrison | Garrison Relay disabled 9519 | -7/Garrison | Rescued a captive Derelict 9519 | -7/Garrison | Rescued a captive Derelict 9596 | -7/Garrison | Discovered new exit (range 11) 9639 | -7/Garrison | Triggered checkpoint 9673 | -7/Garrison | Garrison Relay disabled 9697 | -7/Garrison | Garrison Relay disabled 9881 | -7/Garrison | Triggered checkpoint 9903 | -7/Garrison | Triggered checkpoint 9966 | -7/Garrison | Discovered new exit (range 63) 9966 | -7/Garrison | Discovered new exit (range 22) 9966 | -7/Garrison | Discovered new exit (range 31) 10050 | -7/Garrison | Expanded RIF knowledge: Structural Interface 10273 | -7/Garrison | Entered Factory 10273 | -7/Factory | Accompanied by 1 ally 10519 | -7/Factory | Discovered exit to Lower Caves (range 9) 11455 | -7/Factory | Discovered exit to Factory (range 11) 11802 | -7/Factory | Core integrity fell below 50% 12103 | -7/Factory | Assimilated Heavy ARC 4a with formatsys_deep 12104 | -7/Factory | Cargo convoy interrupted 12137 | -7/Factory | Found Exp. Thermic Cannon 12384 | -7/Factory | AWS/Thermal suddenly broke down 12418 | -7/Factory | Core integrity fell below 20% 12437 | -7/Factory | Destroyed 7 combat bots 12463 | -7/Factory | Destroyed by G-47 Trooper with Particle Gun Last Messages --------------- 12453_ Critical hit (Blast). 12453_ Knocked back. 12453_ Critical hit (Burn: +37). 12455_ K-01 Serf collects debris. 12455_ Destroyed Structural Scanner. 12455_ U-05 Engineer suffers critical hit (Burn). 12456_ Slug penetrates K-01 Serf. 12456_ K-01 Serf destroyed. 12456_ Nuclear Reactor explodes. 12457_ Critical hit (Burn: +37). 12458_ Power failure, Lgt. Neutrino Core shutdown. 12458_ K-01 Serf collects debris. 12459_ G-47 Trooper destroyed. 12459_ Critical hit (Burn: +37). 12461_ K-01 Serf collects debris. 12461_ Med. Armor Plating destroyed. 12461_ System corrupted: Adv. Plasma Rifle failed to cycle. 12461_ Transmission Jammer melted. 12461_ H-61 Shepherd destroyed. 12462_ U-05 Engineer lays Concrete. Map ----- +----------------------------------------------------+ | ??????????# #?????????????????? | | ??????????+ ^ ##?????####????????? | | ??????????### #+#####+### #??????# ???????? | | ????????????#?????? # ######## [???????? | | ?????????????????"" """ # % # ?###### | | ??????????????? """ """ # # " " # | | ??????????????# """ """ # # " " # | | ??????????????? # """ # " " # | | ??????????????# * ! # """ # " " + | | ??????????????# # """ "" # " " # | | ??????????????+ # "" # " " # | | ??????????????#####?###?# T" # " " # | | ????????????????????????# "" # " "?# | | ????????????????????????# " # " ??# | | ????????????????????????# # ??# | | ?????????????? ????????# # ???# | | ??????????????? ??????# % ########???# | | ????????????????""" ????# [% ????????????# | | ????????????????""" ??# #????????????# | | ???????????????"""" # u%############### | | ???????????????"""" + u =+ ## | | ???????????# # # """" + | | ???????????? """""" ??# # """" ## | | ????????????????""" ????# # """" ## | | ????????????????""??????# % # """" ## | | ????????????????????????#@u # """" ## | | ????????????????????????# % # """" ## | | ????????????????#########!! # """" ] ## | | ???????########## [ "#[%! # !=] ## | | ??????## # "#*%g! # ! !]] ## | | ????? # ! # ##=%=g # ## | | ?????]!# # ?##[! # ## | | ????]]!# """ ###+###"#%%* ##+############ | | ?????! # """ # [=!! k | | # ?? # """ # *%! | | # """ # "" # =!=== | | # """ # "" + *%= | | # """ # ! # %! % ?? | | # ####+##### ###+############ ??? | | # """ # # #*% #??????? | | # """ " # # = #??????? | | # """ " # # """"""" #??????? | | # "= # + %[""""""" ?#??????? | | ####+#"[ + #% """"""" #??????? | | ???# ="! # < =# * """"""" #??????? | | ???# #"" # ###"## #[ #??????? | | ???# # " % # #????# # #??????? | | ???# # " #######????# # #??????? | | ???# # """"##+###??????????# # "="" #??????? | | ???# ### ### #########??### # "R"" #??????? | +----------------------------------------------------+ Best States ------------- Heat Dissipation 88 Energy Generation 19 Energy Capacity 490 Matter Stores 486 Matter Capacity 500 Sight Range 16 Terrain Scan Range 16 Terrain Scan Density 10 Additional Mass Support 12 Base Temperature (-) 100 Armor Coverage 675 Resistance: TH 20 Resistance: EM 15 Propulsion Shielding 66 Utility Shielding 66 Weapon Shielding 66 Evasion (%) 50 Armor Integrity Analysis 30 Recoil Reduction 2 Energy Filtering 30 Particle Charging 20 Relay Coupler Types 2 Relay Coupler Value 53 Item Schematics ----------------- None Robot Schematics ------------------ None Fabricated ------------ Nothing Repaired ---------- Nothing Studied --------- Wheel | -8/Materials | Hacked Arm. Huge Wheel | -7/Factory | Hacked Alien Tech Used ----------------- None Achievements -------------- Deep Understanding Versatile Challenges ------------ None Game ------ Seed ProjectionFocalCharger Manual? 0 Play Time 01:39:15 Cumulative 449.5 hours Start 2025.10.30 @ 08:40:38 End 2025.10.30 @ 10:38:59 Sessions 3 Manual Loads 0 Difficulty Rogue Special Mode None Game No. 572 Rogue 572 Adventurer 0 Explorer 0 Win Type - Total 14 Types 6/0/2/2/1/0/2/1/0/0 Lore% 90 Gallery% 84 Achievement% 61 Wizard Run 0 Options --------- Layout 0 ASCII 0 Keyboard 0 Movement Mouse Keybinds 0 Fullscreen 1 Font 24/Terminus Map View 76x50 Zoom Use 0% Tactical HUD 1 Map Filters NONE Filters NONE Steam 1 RUN: 8c46deb3-fe1d-4786-936d-84ace85a3a2a